AoeStats
← Infadel

Hideout

508039575Analyzed
1v1 RM · 13d ago on Sep 20, 2026· 60m 35s· 2 players
Game mode
Random Map
Map size
Tiny (2 player)
Population
200
Speed
Normal
Resources
Standard
Victory
Conquest
Starting age
Dark Age
Ending age
Imperial Age
RankedLock teamsTeams togetherTeam positionsShared explorationLock speedFull tech treeHidden civsTurbo modeCheats
Victory
Defeat
🇺🇸 Byzantines · United States
1018
+18
🇮🇳 Wei · India
1053
-18
thalasa
10:55 Feudal Age
17:00 Castle Age
16:13 Double-Bit Axe
17:02 Horse Collar
18:42 Bow Saw
21:34 Stone Mining
22:43 Heavy Plow
23:42 Loom
23:55 Gold Mining
26:34 Gold Shaft Mining
25:45 Pikeman
29:41 Wheelbarrow
32:42 Imperial Age
30:55 Forging
30:46 Scale Mail Armor
34:02 Chain Mail Armor
34:22 Iron Casting
33:39 Fletching
34:23 Conscription
37:10 Stone Shaft Mining
37:57 Bodkin Arrow
39:05 Elite Skirmisher
43:41 Bracer
44:11 Plate Mail Armor
43:42 Padded Archer Armor
44:28 Hoardings
44:01 Squires
43:21 Halberdier
45:03 Elite Cataphract
47:10 Two-Man Saw
46:50 Scale Barding Armor
47:03 Leather Archer Armor
49:16 Ring Archer Armor
49:07 Chain Barding Armor
50:09 Ballistics
50:52 Chemistry
49:33 Treadmill Crane
50:37 Husbandry
52:20 Thumb Ring
Infadel
7:56 Loom
11:04 Feudal Age
11:53 Double-Bit Axe
15:53 Loom
18:43 Castle Age
16:56 Gold Mining
17:46 Horse Collar
20:48 Bow Saw
22:33 Forging
25:00 Gold Shaft Mining
26:10 Heavy Plow
28:01 Iron Casting
29:48 Wheelbarrow
28:59 Town Watch
30:09 Scale Barding Armor
31:29 Chain Barding Armor
31:19 Fletching
33:19 Bodkin Arrow
34:59 Hand Cart
35:30 Padded Archer Armor
35:53 Stone Mining
37:14 Stone Shaft Mining
39:20 Imperial Age
37:12 Leather Archer Armor
36:57 Scale Mail Armor
37:09 Thumb Ring
40:31 Ballistics
41:11 Chemistry
40:51 Bracer
41:03 Heavy Hei Guang Cavalry
41:54 Bloodlines
45:21 Ming Guang Armor
45:16 Conscription
44:52 Light Cavalry
46:55 Blast Furnace
50:26 Ring Archer Armor
50:18 Hussar
56:15 Crop Rotation
Connection lost

Rejoining the realm…

Still unreachable

The connection could not be restored.

Session expired

The server has moved on; the page needs a fresh start.